woodfighter, chaotic female sylph Ranger --------- --.......-- |..--.--..| |.....`.`.| ----- |..--.--..| |...| ---..|.|..--- |.{.| |.....`.`...| |...| |..|..`..|..| --------- |-.|.---`|.-| |.......| |..|@q...|..| |.......| |...`.......| |...<...| ---.--.--.--- |.......| |.......| |.......| ---.>.--- ----+---- |...| |.| |...-----------.| |.........^^^^^.| ----------------- woodfighter the Trailblazer Experience level: 8 Strength: 15 Dexterity: 12 Constitution: 16 Intelligence: 13 Wisdom: 14 Charisma: 8 Health: 0(71) Energy: 53(53) Def: 3 Gold: 196 Moves: 5239 Dungeon seed: bt3oWEAsrVxDjB2_ Game ID: woodfighter_1469017822 Your Inventory: Coins $ - 196 gold pieces Weapons a - a +1 dagger (alternate weapon; not wielded) b - a +2 bow (weapon in hand) c - 46 +2 arrows (in quiver) d - 36 +0 arrows Armor e - an uncursed +2 cloak of displacement (being worn) n - a blessed +2 pair of water walking boots q - a blessed +3 dwarvish cloak N - an uncursed +0 mummy wrapping Comestibles f - an uncursed lichen corpse x - 2 uncursed sprigs of wolfsbane F - an uncursed cream pie H - 10 uncursed food rations P - an uncursed fortune cookie V - 2 uncursed tripe rations W - 2 uncursed carrots Rings o - a cursed ring of polymorph u - an uncursed ring of invisibility G - an uncursed ring of free action Wands g - a wand of slow monster (0:3) B - a wand of locking (0:7) C - a wand of striking (0:8) D - a wand of digging (0:6) E - a wand of striking (0:5) J - a wand of polymorph (0:8) Tools s - an uncursed bag of holding A - an uncursed wax candle (0:400) I - an uncursed towel Contents of the bag of holding: an uncursed +0 dwarvish cloak Spells and supernatural/magical abilities: Name Level Category Fail Memory W - pray for help -- divine ? -- Your skills at the end: Miscellaneous Skills wands [Basic] Weapon Skills dagger [Basic] bow [Skilled] Spellcasting Skills Final Attributes: You were piously aligned. You saw invisible. You had automatic searching. You had infravision. You were displaced. You were stealthy. You were protected from shape changers. You were lucky. You are dead. Vanquished creatures: an ettin zombie a leather golem 6 leprechauns a gnome king a dwarf mummy 2 gold golems 4 chickatrices a dog a blue jelly a rope golem 4 Uruk-hai a pony a fog cloud a gnome lord a guardian naga hatchling an elf zombie 2 giant ants a little dog 3 floating eyes a dwarf 3 iguanas 2 hill orcs a rothe a rabid rat 2 giant bats a dwarf zombie 2 coyotes 2 hobbits an acid blob a large kobold a gecko a giant rat 2 yellow molds a green mold 4 gnomes a gnome zombie 2 jackals a fox 2 kobolds 3 newts 2 goblins 10 grid bugs 6 bats 6 lichens 93 creatures vanquished. Voluntary challenges: You were vegetarian. You used a wielded weapon 2 times, starting on turn 4426. You did not apply a unicorn horn. You read items or engraved 3 times, starting on turn 1651. You never genocided any monsters. You never polymorphed an object. You never changed form. You used no wishes. You never split a pudding. You never wrote Elbereth's name. You never violated your personal moral code. Dungeon overview: The Dungeons of Doom: levels 1 to 11 Level 1 a long staircase Level 2 (closed shop) a fountain stairs to The Gnomish Mines Level 3 (vault) Level 4 Level 5 (locked box) an altar to Venus, a fountain Level 6 some fountains Level 7 a fountain Level 8 (unicorn) Level 9 many fountains Level 10 stairs to Sokoban Level 11 The Gnomish Mines: Level 3 stairs to The Dungeons of Doom Sokoban: levels 8 to 9 Level 8 <- You were here a fountain Level 9 a magic chest stairs to The Dungeons of Doom History has recorded: On T:1 you entered the Dungeons of Doom to retrieve the Amulet of Yendor! On T:181 you reached level 2 of The Dungeons of Doom. On T:403 you reached level 3 of The Dungeons of Doom. On T:556 you advanced to experience level 2. On T:734 you reached level 4 of The Dungeons of Doom. On T:895 you advanced to experience level 3. On T:1060 you reached level 5 of The Dungeons of Doom. On T:1515 you advanced to experience level 4. On T:1697 you reached level 6 of The Dungeons of Doom. On T:2396 you reached level 7 of The Dungeons of Doom. On T:2528 you reached level 8 of The Dungeons of Doom. On T:2703 you advanced to experience level 5. On T:3172 you advanced to experience level 6. On T:3280 you reached level 9 of The Dungeons of Doom. On T:3574 you advanced to experience level 7. On T:3968 you reached level 10 of The Dungeons of Doom. On T:4327 you reached level 4 of Sokoban. On T:4404 you reached level 11 of The Dungeons of Doom. On T:4636 you opened a magic chest. On T:4636 you opened a magic chest. On T:4637 you opened a magic chest. On T:4900 you reached level 3 of Sokoban. On T:5156 you advanced to experience level 8. Score breakdown: Gold: 196 ( 19 points) Experience: 8 levels ( 700 points) Exploration: 11 levels ( 300 points) Discoveries: 7 items ( 350 points) Variety of kills: 44 monsters ( 2000 points) Major goal: (nothing yet) ( 0 points) Survival: died (score multiplied by 3) Total score: 10107 Latest messages: The boulder falls into and plugs a hole in the floor! With great effort you move the boulder. (2x) You shoot 2 arrows. The 1st arrow hits the chickatrice! The 2nd arrow hits something! You kill the chickatrice! c - 2 +2 arrows (in quiver). With great effort you move the boulder. The leocrotta claws you! The leocrotta bites! The leocrotta claws you! You shoot 3 arrows. The 1st arrow hits the leocrotta! The 2nd arrow hits the leocrotta! The 3rd arrow hits the leocrotta! The leocrotta claws you! The leocrotta bites! The leocrotta claws you! The arrow hits the leocrotta. The leocrotta claws you! The leocrotta bites! The leocrotta claws you! (2x) The leocrotta bites! You die... Final status: Goodbye woodfighter the Ranger, killed by a leocrotta... You died in Sokoban on dungeon level 8 with 10107 points, and 196 pieces of gold, after 5239 moves. You were level 8 with a maximum of 71 hit points when you died.